 Dungeon Sprint DCSS version 0.14-a0-77-g9a1e883 (console) character file.

849 Dalvant the Arsonist (level 6, -15/35 HPs)
             Began as a Deep Elf Fire Elementalist on Oct 1, 2013.
             Rolled over by a boulder beetle (50 damage)
             ... in the Dungeon (Sprint II: "The Violet Keep of Menkaure").
             The game lasted 00:05:45 (435 turns).

Dalvant the Arsonist (Deep Elf Fire Elementalist)    Turns: 435, Time: 00:05:45

HP -15/35        AC  2     Str  5      XL: 6   Next: 31%
MP  12/20        EV 13     Int 22      God:
Gold 506         SH  0     Dex 15      Spells:  3 memorised,  6 levels left

Res.Fire  : . . .   See Invis. : .   (no weapon)
Res.Cold  : . . .   Warding    : .   a - +0 elf robe (curse)
Life Prot.: . . .   Conserve   : .   (no shield)
Res.Poison: .       Res.Corr.  : .   (no helmet)
Res.Elec. : .       Clarity    : .   (no cloak)
Sust.Abil.: . .     Spirit.Shd : .   (no gloves)
Res.Mut.  : .       Prev.Telep.: +   (no boots)
Res.Rott. : .       Flight     : .   (no amulet)
Saprovore : . . .                    (no ring)
                                     (no ring)

@: very slightly contaminated, slightly resistant to hostile enchantments, quite
stealthy
A: no striking features
a: no special abilities


You were in the Dungeon.
You were not hungry.

You visited 1 branch You collected 486 gold pieces.

Inventory:

Armour
 a - a cursed +0 elven robe (worn)
Comestibles
 c - a bread ration
Scrolls
 i - a scroll of blinking
Potions
 d - a potion of curing
 e - a potion of heal wounds
 f - a potion of speed
 g - 2 potions of magic
Books
 b - a book of Flames

   Spells                             Type                      Level
   *Flame Tongue                      Conjuration/Fire             1
   Throw Flame                        Conjuration/Fire             2
   Conjure Flame                      Conjuration/Fire             3
   Inner Flame                        Hexes/Fire                   3
   *Sticky Flame                      Conjuration/Fire             4
   *Fireball                          Conjuration/Fire             5


   Skills:
 * Level 4.7 Fighting
 - Level 2.4 Dodging
 + Level 5.8 Stealth
 + Level 5.5 Spellcasting
 * Level 6.0 Conjurations
 + Level 10.4 Fire Magic


You had 6 spell levels left.
You knew the following spells:

 Your Spells              Type           Power        Failure   Level  Hunger
a - Flame Tongue          Conj/Fire      #####        1%          1    None
c - Sticky Flame          Conj/Fire      #####...     3%          4    ####...
v - Fireball              Conj/Fire      #####.....   12%         5    #####..


Dungeon Overview and Level Annotations

Branches:
Dungeon (1/1)

Altars:

Shops:
D [[%/=!


Message History

Casting: Sticky Flame
Confirm with . or Enter, or press ? or * to list all spells.
Aiming: Sticky Flame
Press: ? - help, Shift-Dir - straight line, f - boulder beetle
Aim: a boulder beetle (rolling)
You miscast Sticky Flame.
You are very lightly contaminated with residual magic.
Nothing appears to happen.
The boulder beetle twitches its antennae in your direction.
Casting: Sticky Flame
Confirm with . or Enter, or press ? or * to list all spells.
Aiming: Sticky Flame
Press: ? - help, Shift-Dir - straight line, f/p - boulder beetle
Aim: a boulder beetle (rolling)
The sticky flame hits the boulder beetle.
The boulder beetle is lightly wounded.
The boulder beetle is covered in liquid flames!
The boulder beetle burns!
The boulder beetle smashes into you!
Ouch! That really hurt!
You die...

. ∩.. .∩.. ## #
∩.⌠.# ##.# #+# .##
∩.∩..#≈#..###.##$§.#
+≈+.##%<<@B#
∩....#≈#.#%##%##.B.#
##### ##.###'## .##
#### ####.#%## #
#..#..# ###.### #+#
§§§ ++#§' §....
....§. .8.§.§§
§§§§§§§ §.§


You could see 2 boulder beetles.

Vanquished Creatures
  Menkaure (D)
  4 brain worms (D)
  4 giant centipedes (D)
9 creatures vanquished.

Notes
Turn   | Place    | Note
--------------------------------------------------------------
     0 | D        | Dalvant, the Deep Elf Fire Elementalist, began the quest for the Orb.
     0 | D        | Reached XP level 1. HP: 10/10 MP: 4/4
    16 | D        | Reached skill level 4 in Fire Magic
    25 | D        | Reached skill level 1 in Fighting
    25 | D        | Reached skill level 5 in Fire Magic
    25 | D        | Reached XP level 2. HP: 15/15 MP: 1/7
   114 | D        | Reached XP level 3. HP: 19/19 MP: 5/9
   152 | D        | Noticed a silver statue
   160 | D        | Noticed a brain worm
   174 | D        | Killed a brain worm
   174 | D        | Reached skill level 7 in Fire Magic
   174 | D        | Reached XP level 4. HP: 18/24 MP: 3/13
   180 | D        | Learned a level 4 spell: Sticky Flame
   249 | D        | Noticed a brain worm
   253 | D        | Killed a brain worm
   253 | D        | Reached skill level 5 in Conjurations
   253 | D        | Reached skill level 8 in Fire Magic
   253 | D        | Reached XP level 5. HP: 29/29 MP: 9/16
   299 | D        | Noticed a brain worm
   299 | D        | Noticed a brain worm
   302 | D        | Killed a brain worm
   302 | D        | Reached skill level 5 in Stealth
   302 | D        | Reached skill level 9 in Fire Magic
   308 | D        | Killed a brain worm
   308 | D        | Reached skill level 5 in Spellcasting
   308 | D        | Reached skill level 10 in Fire Magic
   308 | D        | Reached XP level 6. HP: 35/35 MP: 7/20
   318 | D        | Noticed Menkaure
   321 | D        | Killed Menkaure
   418 | D        | Found Plog's Food Shop.
   418 | D        | Found Miegh's Jewellery Boutique.
   418 | D        | Found Tofa's Magical Wand Boutique.
   418 | D        | Found Ithrit's Antique Armour Boutique.
   418 | D        | Found Baesavo's Distillery.
   418 | D        | Found Grobb's Antique Armour Shop.
   428 | D        | Learned a level 5 spell: Fireball
   433 | D        | Noticed a boulder beetle
   433 | D        | Noticed a boulder beetle
   435 | D        | Rolled over by a boulder beetle

Action                   |  1- 3 |  4- 6 || total
-------------------------+-------+-------++-------
Melee: Unarmed           |    11 |       ||    11
 Cast: Flame Tongue      |    15 |     4 ||    19
       Sticky Flame      |       |     5 ||     5
  Use: Potion            |     1 |       ||     1
